Cape Breton Oilers vs Orlando Solar Bears
Created - Monday, May 8, 2023 at 07:02
Goals
|
| Cape Breton Oilers |
0 |
2 |
0 |
2 |
| Orlando Solar Bears |
1 |
2 |
0 |
3 |
|
Shots
|
| Cape Breton Oilers |
9 |
17 |
11 |
37 |
| Orlando Solar Bears |
12 |
6 |
12 |
30 |
|
1st period
1. Orlando Solar Bears , Morgan Frost 22 (Valtteri Puustinen 16) at 18:12
Penalties :
No Penalty
2nd period
2. Cape Breton Oilers , Egor Afanasyev 14 (Vladislav Kolyachonok 19) at 0:47
3. Cape Breton Oilers , Hudson Fasching 13 (Brandon Gignac 12, Parker Kelly 15) at 2:14
4. Orlando Solar Bears , Jason Dickinson 34 (Jordan Martinook 39) at 3:38
5. Orlando Solar Bears , Jamieson Rees 10 (Alex Turcotte 14, Max Gildon 8) at 9:25
Penalties :
Artemi Kniazev (OSB) for Hooking (Minor) at 6:00, Jack McBain (CBO) for Roughing (Minor) at 6:47, Leon Gawanke (CBO) for Tripping (Minor) at 9:47, Victor Soderstrom (OSB) for Cross-checking (Minor) at 16:31, Morgan Frost (OSB) for Hooking (Minor) at 17:50
3rd period
No Goal
Penalties :
Victor Soderstrom (OSB) for Hooking (Minor) at 1:25, Jason Dickinson (OSB) for Interference (Minor) at 5:49, Max Gildon (OSB) for Tripping (Minor) at 13:56, Martin Pospisil (OSB) for Slashing (Minor) at 18:13
Goalie Stats
Jack LaFontaine (CBO), 27 saves from 30 shots - (0.900), L, 8-10-3, 59:08 minutes
Filip Gustavsson (OSB), 35 saves from 37 shots - (0.946), W, 15-9-2, 60:00 minutes
Players Stats for Cape Breton Oilers
Player Name G A P +/- PIM S H SB GA TA FO MP PP MP PK MP
------------------------------------------------------------------------------------
Alexey Toropchenko 0 0 0 -1 0 2 2 2 0 0 1/2 20:50 4:36 0:59
Brandon Gignac 0 1 1 -1 0 5 3 0 1 2 4/5 19:44 5:08 0:24
Carl Grundstrom 0 0 0 -1 0 7 2 1 0 1 1/1 23:19 5:33 0:44
Dylan McIlrath 0 0 0 0 0 0 0 0 0 0 0/0 0:39 0:00 0:00
Egor Afanasyev 1 0 1 1 0 3 2 1 0 0 6/8 16:18 5:09 0:08
Hudson Fasching 1 0 1 0 0 2 2 1 0 0 0/0 11:18 0:45 0:00
Jack McBain 0 0 0 -1 2 4 3 1 1 0 12/31 23:15 5:36 1:10
Juuso Valimaki 0 0 0 0 0 6 2 3 1 1 0/0 27:27 6:23 1:53
Kevin Bahl 0 0 0 0 0 0 1 1 0 1 0/0 21:07 5:33 0:53
Kody Clark 0 0 0 1 0 1 1 0 0 0 0/0 12:03 0:00 0:00
Leon Gawanke 0 0 0 -1 2 2 2 0 0 0 0/0 11:34 0:00 0:00
Luke Evangelista 0 0 0 -1 0 0 0 0 0 0 0/0 6:20 0:00 0:00
Marcus Pettersson 0 0 0 0 0 2 2 2 1 2 0/0 27:05 6:23 1:53
Max Jones 0 0 0 -1 0 0 0 0 0 0 0/0 10:42 1:56 0:43
Parker Kelly 0 1 1 0 0 1 2 0 0 0 2/8 18:29 6:01 1:24
Philip Broberg 0 0 0 -1 0 2 0 1 1 0 0/0 12:14 0:06 0:00
Vladislav Kolyachonok 0 1 1 0 0 0 1 5 0 2 0/0 20:48 5:25 0:53
Will Cuylle 0 0 0 1 0 0 1 1 0 0 0/1 12:48 0:25 0:00
Players Stats for Orlando Solar Bears
Player Name G A P +/- PIM S H SB GA TA FO MP PP MP PK MP
------------------------------------------------------------------------------------
Adam Beckman 0 0 0 1 0 3 1 0 0 0 0/0 14:33 1:14 0:29
Alex Turcotte 0 1 1 1 0 1 0 0 1 1 1/4 10:33 0:00 2:38
Artemi Kniazev 0 0 0 1 2 0 3 2 0 1 0/0 20:33 1:02 4:42
Donovan Sebrango 0 0 0 0 0 2 0 1 0 0 0/0 16:54 0:00 3:33
Emilio Pettersen 0 0 0 1 0 1 2 0 0 0 0/1 8:28 0:00 0:00
Isaak Phillips 0 0 0 1 0 0 2 1 0 0 0/0 21:19 1:08 4:20
Jamieson Rees 1 0 1 1 0 1 1 0 0 0 0/0 9:29 0:04 0:00
Jarred Tinordi 0 0 0 0 0 0 6 0 0 2 0/0 24:24 1:38 6:32
Jason Dickinson 1 0 1 1 2 7 1 1 1 0 17/34 20:50 1:26 5:28
John Leonard 0 0 0 1 0 0 0 0 0 0 0/1 17:03 1:26 2:08
Jordan Martinook 0 1 1 1 0 6 1 1 2 0 1/1 17:48 1:32 2:58
Linus Weissbach 0 0 0 -2 0 0 3 1 1 0 0/1 10:24 0:00 0:00
Martin Pospisil 0 0 0 -2 2 0 2 0 1 1 0/1 9:18 0:00 0:00
Max Gildon 0 1 1 0 2 0 1 0 0 0 0/0 14:50 0:12 0:01
Morgan Frost 1 0 1 1 2 6 2 0 2 0 8/9 19:28 1:10 4:49
Philip Tomasino 0 0 0 -2 0 1 1 0 0 0 3/4 13:44 0:06 4:13
Valtteri Puustinen 0 1 1 1 0 0 0 0 1 0 0/0 14:04 1:14 0:00
Victor Soderstrom 0 0 0 0 4 2 2 2 0 0 0/0 22:31 1:38 4:40
3 Stars
1 - Filip Gustavsson (OSB)
2 - Jamieson Rees (OSB)
3 - Egor Afanasyev (CBO)
Power Play
Cape Breton Oilers - 0 on 7 Attempt(s) - 0.00%
Orlando Solar Bears - 0 on 2 Attempt(s) - 0.00%
Penalty Kill
Cape Breton Oilers - 2 on 2 Attempt(s) - 100.00%
- Score 0 goal in Penalty Kill
Orlando Solar Bears - 7 on 7 Attempt(s) - 100.00%
- Score 0 goal in Penalty Kill
Team Stat
Cape Breton Oilers - Hits : 26 - Faceoff Wins : 26 - Blocked Shots : 19 - Penalty Minutes : 4
Orlando Solar Bears - Hits : 28 - Faceoff Wins : 30 - Blocked Shots : 9 - Penalty Minutes : 14
Official
Referees : Dan O'Halloran and Frederick L'Ecuyer
Linesman : Thor Nelson and Scott Driscoll
Game Notes
No Game Note
Cape Breton Oilers
5 vs 5 Forward
Center Left Wing Right Wing Time % Phy DF OF
1 Jack McBain Carl Grundstrom Alexey Toropchenko 40 1 2 2
2 Parker Kelly Brandon Gignac Hudson Fasching 30 1 2 2
3 Egor Afanasyev Will Cuylle Kody Clark 20 1 2 2
4 Brandon Gignac Max Jones Luke Evangelista 10 1 2 2
5 vs 5 Defense
Defense Defense Time % Phy DF OF
1 Marcus Pettersson Juuso Valimaki 40 1 2 2
2 Kevin Bahl Vladislav Kolyachonok 30 1 2 2
3 Philip Broberg Leon Gawanke 20 1 2 2
4 Juuso Valimaki Marcus Pettersson 10 1 2 2
PowerPlay Forward
Center Left Wing Right Wing Time % Phy DF OF
1 Jack McBain Carl Grundstrom Parker Kelly 60 1 2 2
2 Egor Afanasyev Brandon Gignac Alexey Toropchenko 40 1 2 2
PowerPlay Defense
Defense Defense Time % Phy DF OF
1 Marcus Pettersson Juuso Valimaki 60 1 2 2
2 Kevin Bahl Vladislav Kolyachonok 40 1 2 2
Penalty Kill 4 Players Forward
Center Wing Time % Phy DF OF
1 Jack McBain Parker Kelly 60 1 2 2
2 Carl Grundstrom Alexey Toropchenko 40 1 2 2
Penalty Kill 4 Players Defense
Defense Defense Time % Phy DF OF
1 Marcus Pettersson Juuso Valimaki 60 1 2 2
2 Kevin Bahl Vladislav Kolyachonok 40 1 2 2
Penalty Kill - 3 Players Forward
Forward Time % Phy DF OF
1 Jack McBain 60 1 2 2
2 Parker Kelly 40 1 2 2
Penalty Kill - 3 Players Defense
Defense Defense Time % Phy DF OF
1 Marcus Pettersson Juuso Valimaki 60 1 2 2
2 Kevin Bahl Vladislav Kolyachonok 40 1 2 2
4 vs 4 Forward
Center Wing Time % Phy DF OF
1 Jack McBain Parker Kelly 60 1 2 2
2 Carl Grundstrom Alexey Toropchenko 40 1 2 2
4 vs 4 Defense
Defense Defense Time % Phy DF OF
1 Marcus Pettersson Juuso Valimaki 60 1 2 2
2 Kevin Bahl Vladislav Kolyachonok 40 1 2 2
Last Minutes Offensive
Center Left Wing Right Wing Defense Defense
Jack McBain Carl Grundstrom Parker Kelly Marcus Pettersson Juuso Valimaki
Last Minutes Defensive
Center Left Wing Right Wing Defense Defense
Parker Kelly Jack McBain Hudson Fasching Marcus Pettersson Juuso Valimaki
Goaltenders
Starting : Jack LaFontaine
Backup : Matthew Villalta
Extra Forwards
Normal : Carl Grundstrom, Jack McBain, Parker Kelly - PP : Carl Grundstrom, Jack McBain - PK : Alexey Toropchenko
Extra Defensemen
Normal : Marcus Pettersson, Juuso Valimaki, Kevin Bahl - PP : Marcus Pettersson - PK : Juuso Valimaki, Kevin Bahl
Penalty Shots
Jack McBain, Parker Kelly, Carl Grundstrom, Alexey Toropchenko, Egor Afanasyev
Orlando Solar Bears
5 vs 5 Forward
Center Left Wing Right Wing Time % Phy DF OF
1 Jason Dickinson Jordan Martinook John Leonard 32 1 2 2
2 Morgan Frost Adam Beckman Valtteri Puustinen 27 1 2 2
3 Philip Tomasino Linus Weissbach Martin Pospisil 23 1 2 2
4 Alex Turcotte Emilio Pettersen Jamieson Rees 18 1 2 2
5 vs 5 Defense
Defense Defense Time % Phy DF OF
1 Victor Soderstrom Jarred Tinordi 35 1 2 2
2 Isaak Phillips Artemi Kniazev 33 1 2 2
3 Max Gildon Donovan Sebrango 32 1 2 2
4 Victor Soderstrom Jarred Tinordi 0 1 2 2
PowerPlay Forward
Center Left Wing Right Wing Time % Phy DF OF
1 Jason Dickinson Jordan Martinook John Leonard 60 1 2 2
2 Morgan Frost Adam Beckman Valtteri Puustinen 40 1 2 2
PowerPlay Defense
Defense Defense Time % Phy DF OF
1 Victor Soderstrom Jarred Tinordi 60 1 2 2
2 Isaak Phillips Artemi Kniazev 40 1 2 2
Penalty Kill 4 Players Forward
Center Wing Time % Phy DF OF
1 Jason Dickinson Morgan Frost 60 1 2 2
2 Philip Tomasino Jordan Martinook 40 1 2 2
Penalty Kill 4 Players Defense
Defense Defense Time % Phy DF OF
1 Victor Soderstrom Jarred Tinordi 60 1 2 2
2 Isaak Phillips Artemi Kniazev 40 1 2 2
Penalty Kill - 3 Players Forward
Forward Time % Phy DF OF
1 Jason Dickinson 60 1 2 2
2 Morgan Frost 40 1 2 2
Penalty Kill - 3 Players Defense
Defense Defense Time % Phy DF OF
1 Victor Soderstrom Jarred Tinordi 60 1 2 2
2 Isaak Phillips Artemi Kniazev 40 1 2 2
4 vs 4 Forward
Center Wing Time % Phy DF OF
1 Jason Dickinson Morgan Frost 60 1 2 2
2 Philip Tomasino Jordan Martinook 40 1 2 2
4 vs 4 Defense
Defense Defense Time % Phy DF OF
1 Victor Soderstrom Jarred Tinordi 60 1 2 2
2 Isaak Phillips Artemi Kniazev 40 1 2 2
Last Minutes Offensive
Center Left Wing Right Wing Defense Defense
Jason Dickinson Jordan Martinook John Leonard Victor Soderstrom Jarred Tinordi
Last Minutes Defensive
Center Left Wing Right Wing Defense Defense
Jason Dickinson Jordan Martinook John Leonard Victor Soderstrom Jarred Tinordi
Goaltenders
Starting : Filip Gustavsson
Backup : Felix Sandstrom
Extra Forwards
Normal : Jamieson Rees, Linus Weissbach, Alex Turcotte - PP : Jamieson Rees, Linus Weissbach - PK : Alex Turcotte
Extra Defensemen
Normal : Max Gildon, Donovan Sebrango, Isaak Phillips - PP : Max Gildon - PK : Donovan Sebrango, Isaak Phillips
Penalty Shots
Jason Dickinson, Morgan Frost, Philip Tomasino, Jordan Martinook, John Leonard
% Time on Ice - Cape Breton Oilers
Lines # - Real PCT - Wanted PCT - Time Play
Normal Forward
1 - 35% - 40% - 15:18
2 - 27% - 30% - 11:49
3 - 26% - 20% - 11:38
4 - 12% - 10% - 5:29
Normal Defense
1 - 38% - 40% - 16:45
2 - 32% - 30% - 14:03
3 - 26% - 20% - 11:33
4 - 4% - 10% - 1:53
PP Forward
1 - 56% - 60% - 6:39
2 - 44% - 40% - 5:09
PP Defense
1 - 54% - 60% - 6:23
2 - 46% - 40% - 5:25
PK Forward
1 - 89% - 60% - 2:27
2 - 11% - 40% - 0:19
PK Defense
1 - 68% - 60% - 1:53
2 - 32% - 40% - 0:53
PK3 Forward
1 - 0% - 60%
2 - 0% - 40%
PK3 Defense
1 - 0% - 60%
2 - 0% - 40%
44 Forward
1 - 100% - 60% - 1:12
2 - 0% - 40% - 0:00
44 Defense
1 - 63% - 60% - 0:45
2 - 38% - 40% - 0:27
Last Minute Offensive - 0:00
Last Minute Defensive - 0:00
Total
Forward - 60:00
Defense - 60:00
|
% Time on Ice - Orlando Solar Bears
Lines # - Real PCT - Wanted PCT - Time Play
Normal Forward
1 - 31% - 32% - 13:37
2 - 29% - 27% - 12:50
3 - 21% - 23% - 9:19
4 - 19% - 18% - 8:28
Normal Defense
1 - 36% - 35% - 15:43
2 - 33% - 33% - 14:49
3 - 31% - 32% - 13:36
4 - 0% - 0% - 0:06
PP Forward
1 - 52% - 60% - 1:26
2 - 48% - 40% - 1:20
PP Defense
1 - 59% - 60% - 1:38
2 - 41% - 40% - 1:08
PK Forward
1 - 74% - 60% - 8:14
2 - 26% - 40% - 2:54
PK Defense
1 - 68% - 60% - 7:34
2 - 32% - 40% - 3:34
PK3 Forward
1 - 95% - 60% - 0:38
2 - 5% - 40% - 0:02
PK3 Defense
1 - 68% - 60% - 0:27
2 - 33% - 40% - 0:13
44 Forward
1 - 79% - 60% - 0:57
2 - 21% - 40% - 0:15
44 Defense
1 - 46% - 60% - 0:33
2 - 54% - 40% - 0:39
Last Minute Offensive - 0:00
Last Minute Defensive - 0:00
Total
Forward - 60:00
Defense - 60:00
|
Play-by-Play
1st period
0:01 of 1st period - Jason Dickinson wins face-off versus Jack McBain in neutral zone.
0:10 of 1st period - Slapshot by Jordan Martinook.
0:10 of 1st period - Stopped by Jack LaFontaine without a rebound.
0:11 of 1st period - Morgan Frost wins face-off versus Parker Kelly in Cape Breton Oilers zone.
0:42 of 1st period - Snap shot by Jack McBain.
0:42 of 1st period - Shot Misses the Net.
0:51 of 1st period - Snap shot by Adam Beckman.
0:51 of 1st period - Stopped by Jack LaFontaine without a rebound.
0:52 of 1st period - Egor Afanasyev wins face-off versus Martin Pospisil in Cape Breton Oilers zone.
0:57 of 1st period - Backhand shot by Marcus Pettersson.
0:57 of 1st period - Shot Misses the Net.
0:59 of 1st period - Slapshot by Marcus Pettersson.
0:59 of 1st period - Stopped by Filip Gustavsson with a rebound.
1:01 of 1st period - Wrist shot by Juuso Valimaki.
1:01 of 1st period - Deflect By Linus Weissbach.
1:01 of 1st period - Stopped by Filip Gustavsson with a rebound.
1:03 of 1st period - Slapshot by Juuso Valimaki.
1:03 of 1st period - Stopped by Filip Gustavsson without a rebound.
1:04 of 1st period - Brandon Gignac wins face-off versus Alex Turcotte in Orlando Solar Bears zone.
1:07 of 1st period - Wrist shot by Brandon Gignac.
1:07 of 1st period - Stopped by Filip Gustavsson with a rebound.
1:34 of 1st period - Jason Dickinson is hit by Leon Gawanke and loses puck.
2:13 of 1st period - Icing by Linus Weissbach.
2:14 of 1st period - Morgan Frost wins face-off versus Parker Kelly in Orlando Solar Bears zone.
3:14 of 1st period - Juuso Valimaki is hit by Emilio Pettersen and loses puck.
3:25 of 1st period - Slapshot by Brandon Gignac.
3:25 of 1st period - Stopped by Filip Gustavsson without a rebound.
3:26 of 1st period - Philip Tomasino wins face-off versus Brandon Gignac in Orlando Solar Bears zone.
3:53 of 1st period - Vladislav Kolyachonok is hit by Jarred Tinordi and loses puck.
4:14 of 1st period - Wrist shot by Jason Dickinson.
4:14 of 1st period - Stopped by Jack LaFontaine with a rebound.
4:16 of 1st period - Wrist shot by Morgan Frost.
4:16 of 1st period - Stopped by Jack LaFontaine with a rebound.
4:18 of 1st period - Slapshot by Victor Soderstrom.
4:18 of 1st period - Stopped by Jack LaFontaine without a rebound.
4:19 of 1st period - Brandon Gignac wins face-off versus Alex Turcotte in Cape Breton Oilers zone.
4:46 of 1st period - Artemi Kniazev is hit by Jack McBain and loses puck.
5:35 of 1st period - Snap shot by Morgan Frost.
5:35 of 1st period - Shot Misses the Net.
6:05 of 1st period - Snap shot by Alex Turcotte.
6:05 of 1st period - Stopped by Jack LaFontaine with a rebound.
6:19 of 1st period - Wrist shot by Philip Tomasino.
6:19 of 1st period - Stopped by Jack LaFontaine with a rebound.
6:25 of 1st period - Philip Tomasino is hit by Kody Clark and loses puck.
6:58 of 1st period - Max Gildon is hit by Egor Afanasyev and loses puck.
7:39 of 1st period - Emilio Pettersen is hit by Parker Kelly and loses puck.
7:50 of 1st period - Kevin Bahl is hit by Adam Beckman and loses puck.
8:19 of 1st period - John Leonard is hit by Carl Grundstrom and loses puck.
8:27 of 1st period - Icing by Max Gildon.
8:28 of 1st period - Jason Dickinson wins face-off versus Parker Kelly in Orlando Solar Bears zone.
8:39 of 1st period - Wrist shot by Martin Pospisil.
8:39 of 1st period - Shot Misses the Net.
8:41 of 1st period - Slapshot by Max Gildon.
8:41 of 1st period - Deflect By Philip Tomasino.
8:41 of 1st period - Shot Blocked by Philip Broberg.
8:41 of 1st period - Puck is out of play.
8:42 of 1st period - Jack McBain wins face-off versus Jason Dickinson in Cape Breton Oilers zone.
8:48 of 1st period - Off-side.
8:49 of 1st period - Jordan Martinook wins face-off versus Jack McBain in neutral zone.
9:18 of 1st period - Wrist shot by Kody Clark.
9:18 of 1st period - Stopped by Filip Gustavsson with a rebound.
9:20 of 1st period - Backhand shot by Egor Afanasyev.
9:20 of 1st period - Stopped by Filip Gustavsson without a rebound.
9:21 of 1st period - Morgan Frost wins face-off versus Will Cuylle in Orlando Solar Bears zone.
9:54 of 1st period - Wrist shot by Linus Weissbach.
9:54 of 1st period - Deflect By Brandon Gignac.
9:54 of 1st period - Shot Blocked by Vladislav Kolyachonok.
9:54 of 1st period - Puck is out of play.
9:55 of 1st period - Jason Dickinson wins face-off versus Jack McBain in Cape Breton Oilers zone.
10:06 of 1st period - Wrist shot by Jordan Martinook.
10:06 of 1st period - Shot Misses the Net.
10:08 of 1st period - Snap shot by Jason Dickinson.
10:08 of 1st period - Stopped by Jack LaFontaine with a rebound.
10:10 of 1st period - Slapshot by Jarred Tinordi.
10:10 of 1st period - Shot Misses the Net.
10:20 of 1st period - Victor Soderstrom is hit by Parker Kelly.
10:59 of 1st period - Philip Tomasino is hit by Jack McBain and loses puck.
11:08 of 1st period - Alexey Toropchenko is hit by Linus Weissbach and loses puck.
11:44 of 1st period - Slapshot by Philip Broberg.
11:44 of 1st period - Stopped by Filip Gustavsson with a rebound.
11:50 of 1st period - Philip Broberg is hit by Max Gildon and loses puck.
12:38 of 1st period - Jason Dickinson is hit by Brandon Gignac.
14:03 of 1st period - Alex Turcotte is hit by Brandon Gignac and loses puck.
14:30 of 1st period - Egor Afanasyev is hit by Isaak Phillips and loses puck.
14:57 of 1st period - Max Gildon is hit by Kevin Bahl and loses puck.
15:10 of 1st period - Morgan Frost is hit by Alexey Toropchenko.
15:31 of 1st period - Juuso Valimaki is hit by Linus Weissbach.
16:21 of 1st period - Kody Clark is hit by Artemi Kniazev and loses puck.
17:36 of 1st period - Off-side.
17:37 of 1st period - Egor Afanasyev wins face-off versus Jason Dickinson in neutral zone.
17:42 of 1st period - Snap shot by Egor Afanasyev.
17:42 of 1st period - Shot Misses the Net.
17:52 of 1st period - John Leonard is hit by Egor Afanasyev and loses puck.
18:12 of 1st period - Snap shot by Morgan Frost.
18:12 of 1st period - Goal by Morgan Frost - Cape Breton Oilers : 0 - Orlando Solar Bears : 1.
18:13 of 1st period - Jason Dickinson wins face-off versus Jack McBain in neutral zone.
18:24 of 1st period - Snap shot by Jordan Martinook.
18:24 of 1st period - Stopped by Jack LaFontaine with a rebound.
18:26 of 1st period - Wrist shot by John Leonard.
18:26 of 1st period - Shot Misses the Net.
18:28 of 1st period - Snap shot by Jordan Martinook.
18:28 of 1st period - Stopped by Jack LaFontaine without a rebound.
18:29 of 1st period - Philip Tomasino wins face-off versus Parker Kelly in Cape Breton Oilers zone.
18:48 of 1st period - Hudson Fasching is hit by Artemi Kniazev and loses puck.
19:09 of 1st period - Snap shot by Carl Grundstrom.
19:09 of 1st period - Shot Blocked by Artemi Kniazev.
19:11 of 1st period - Wrist shot by Alexey Toropchenko.
19:11 of 1st period - Stopped by Filip Gustavsson with a rebound.
19:23 of 1st period - Wrist shot by Morgan Frost.
19:23 of 1st period - Shot Misses the Net.
19:43 of 1st period - Slapshot by Emilio Pettersen.
19:43 of 1st period - Stopped by Jack LaFontaine without a rebound.
19:44 of 1st period - Brandon Gignac wins face-off versus Emilio Pettersen in Cape Breton Oilers zone.
19:44 of 1st period - Brandon Gignac is hit by Jarred Tinordi.
19:47 of 1st period - Icing by Philip Broberg.
19:48 of 1st period - Brandon Gignac wins face-off versus Jason Dickinson in Cape Breton Oilers zone.
19:57 of 1st period - Snap shot by Jason Dickinson.
19:57 of 1st period - Deflect By Jordan Martinook.
19:57 of 1st period - Shot Misses the Net.
19:57 of 1st period - Puck is out of play.
19:58 of 1st period - Jack McBain wins face-off versus Jason Dickinson in Cape Breton Oilers zone.
19:58 of 1st period - Jack McBain is hit by Jarred Tinordi.
Goals for this period are 0 for Cape Breton Oilers vs 1 for Orlando Solar Bears.
Shots for this period are 9 for Cape Breton Oilers vs 12 for Orlando Solar Bears.
2nd period
0:01 of 2nd period - Jason Dickinson wins face-off versus Jack McBain in neutral zone.
0:14 of 2nd period - Wrist shot by Jordan Martinook.
0:14 of 2nd period - Shot Misses the Net.
0:16 of 2nd period - Slapshot by Victor Soderstrom.
0:16 of 2nd period - Shot Misses the Net.
0:26 of 2nd period - Adam Beckman is hit by Marcus Pettersson and loses puck.
0:47 of 2nd period - Wrist shot by Egor Afanasyev.
0:47 of 2nd period - Goal by Egor Afanasyev - Cape Breton Oilers : 1 - Orlando Solar Bears : 1.
0:48 of 2nd period - Philip Tomasino wins face-off versus Jack McBain in neutral zone.
1:13 of 2nd period - Jack McBain is hit by Emilio Pettersen and loses puck.
1:32 of 2nd period - Wrist shot by Carl Grundstrom.
1:32 of 2nd period - Stopped by Filip Gustavsson with a rebound.
1:34 of 2nd period - Snap shot by Alexey Toropchenko.
1:34 of 2nd period - Shot Misses the Net.
1:36 of 2nd period - Wrist shot by Alexey Toropchenko.
1:36 of 2nd period - Deflect By Carl Grundstrom.
1:36 of 2nd period - Stopped by Filip Gustavsson without a rebound.
1:37 of 2nd period - Jason Dickinson wins face-off versus Parker Kelly in Orlando Solar Bears zone.
2:10 of 2nd period - Wrist shot by Egor Afanasyev.
2:10 of 2nd period - Deflect By Kody Clark.
2:10 of 2nd period - Shot Misses the Net.
2:10 of 2nd period - Puck is out of play.
2:11 of 2nd period - Parker Kelly wins face-off versus Linus Weissbach in Orlando Solar Bears zone.
2:14 of 2nd period - Wrist shot by Hudson Fasching.
2:14 of 2nd period - Goal by Hudson Fasching - Cape Breton Oilers : 2 - Orlando Solar Bears : 1.
2:15 of 2nd period - Jason Dickinson wins face-off versus Jack McBain in neutral zone.
2:22 of 2nd period - Wrist shot by Jordan Martinook.
2:22 of 2nd period - Shot Misses the Net.
2:24 of 2nd period - Snap shot by John Leonard.
2:24 of 2nd period - Shot Misses the Net.
2:26 of 2nd period - Snap shot by Donovan Sebrango.
2:26 of 2nd period - Stopped by Jack LaFontaine without a rebound.
2:27 of 2nd period - Jack McBain wins face-off versus Morgan Frost in Cape Breton Oilers zone.
2:53 of 2nd period - Brandon Gignac is hit by Martin Pospisil and loses puck.
3:08 of 2nd period - Hudson Fasching is hit by Philip Tomasino and loses puck.
3:23 of 2nd period - Wrist shot by Hudson Fasching.
3:23 of 2nd period - Stopped by Filip Gustavsson without a rebound.
3:24 of 2nd period - Alexey Toropchenko wins face-off versus Jason Dickinson in Orlando Solar Bears zone.
3:38 of 2nd period - Snap shot by Jason Dickinson.
3:38 of 2nd period - Goal by Jason Dickinson - Cape Breton Oilers : 2 - Orlando Solar Bears : 2.
3:39 of 2nd period - Morgan Frost wins face-off versus Jack McBain in neutral zone.
3:57 of 2nd period - Carl Grundstrom is hit by Morgan Frost and loses puck.
4:16 of 2nd period - Slapshot by John Leonard.
4:16 of 2nd period - Shot Misses the Net.
4:18 of 2nd period - Snap shot by Jordan Martinook.
4:18 of 2nd period - Shot Misses the Net.
4:32 of 2nd period - Jamieson Rees is hit by Hudson Fasching and loses puck.
4:55 of 2nd period - Snap shot by Egor Afanasyev.
4:55 of 2nd period - Stopped by Filip Gustavsson without a rebound.
4:56 of 2nd period - Morgan Frost wins face-off versus Egor Afanasyev in Orlando Solar Bears zone.
5:03 of 2nd period - Wrist shot by Morgan Frost.
5:03 of 2nd period - Shot Blocked by Vladislav Kolyachonok.
5:05 of 2nd period - Slapshot by Donovan Sebrango.
5:05 of 2nd period - Deflect By Egor Afanasyev.
5:05 of 2nd period - Stopped by Jack LaFontaine with a rebound.
5:49 of 2nd period - Snap shot by Parker Kelly.
5:49 of 2nd period - Shot Hit the Post.
5:51 of 2nd period - Snap shot by Brandon Gignac.
5:51 of 2nd period - Stopped by Filip Gustavsson with a rebound.
5:53 of 2nd period - Wrist shot by Leon Gawanke.
5:53 of 2nd period - Stopped by Filip Gustavsson with a rebound.
5:55 of 2nd period - Slapshot by Leon Gawanke.
5:55 of 2nd period - Stopped by Filip Gustavsson without a rebound.
5:56 of 2nd period - Jack McBain wins face-off versus Alex Turcotte in Orlando Solar Bears zone.
6:00 of 2nd period - Minor Penalty to Artemi Kniazev for Hooking.
6:01 of 2nd period - Jason Dickinson wins face-off versus Jack McBain in Orlando Solar Bears zone.
6:09 of 2nd period - Slapshot by Carl Grundstrom.
6:09 of 2nd period - Stopped by Filip Gustavsson without a rebound.
6:10 of 2nd period - Jason Dickinson wins face-off versus Jack McBain in Orlando Solar Bears zone.
6:10 of 2nd period - Jason Dickinson is hit by Marcus Pettersson.
6:31 of 2nd period - Icing by Jack McBain.
6:32 of 2nd period - Jason Dickinson wins face-off versus Jack McBain in Cape Breton Oilers zone.
6:35 of 2nd period - Snap shot by Jason Dickinson.
6:35 of 2nd period - Shot Blocked by Juuso Valimaki.
6:47 of 2nd period - Minor Penalty to Jack McBain for Roughing.
6:48 of 2nd period - Carl Grundstrom wins face-off versus Jason Dickinson in Cape Breton Oilers zone.
6:55 of 2nd period - Parker Kelly is hit by Jarred Tinordi and loses puck.
7:16 of 2nd period - Parker Kelly is hit by Morgan Frost and loses puck.
8:00 of 2nd period - Penalty to Artemi Kniazev is over, Artemi Kniazev is back on ice.
8:47 of 2nd period - Penalty to Jack McBain is over, Jack McBain is back on ice.
9:07 of 2nd period - Snap shot by Egor Afanasyev.
9:07 of 2nd period - Shot Blocked by Linus Weissbach.
9:09 of 2nd period - Snap shot by Kody Clark.
9:09 of 2nd period - Shot Misses the Net.
9:25 of 2nd period - Wrist shot by Jamieson Rees.
9:25 of 2nd period - Goal by Jamieson Rees - Cape Breton Oilers : 2 - Orlando Solar Bears : 3.
9:26 of 2nd period - Jack McBain wins face-off versus John Leonard in neutral zone.
9:26 of 2nd period - Jack McBain is hit by Jason Dickinson.
9:39 of 2nd period - Slapshot by Jordan Martinook.
9:39 of 2nd period - Stopped by Jack LaFontaine with a rebound.
9:47 of 2nd period - Minor Penalty to Leon Gawanke for Tripping.
9:48 of 2nd period - Jason Dickinson wins face-off versus Jack McBain in Cape Breton Oilers zone.
9:53 of 2nd period - Snap shot by Jordan Martinook.
9:53 of 2nd period - Shot Misses the Net.
10:19 of 2nd period - Snap shot by Adam Beckman.
10:19 of 2nd period - Deflect By Valtteri Puustinen.
10:19 of 2nd period - Shot Blocked by Juuso Valimaki.
10:19 of 2nd period - Puck is out of play.
10:20 of 2nd period - Jack McBain wins face-off versus Jason Dickinson in Cape Breton Oilers zone.
10:31 of 2nd period - Wrist shot by Jordan Martinook.
10:31 of 2nd period - Stopped by Jack LaFontaine with a rebound.
10:41 of 2nd period - John Leonard is hit by Alexey Toropchenko and loses puck.
11:47 of 2nd period - Penalty to Leon Gawanke is over, Leon Gawanke is back on ice.
13:06 of 2nd period - Wrist shot by Valtteri Puustinen.
13:06 of 2nd period - Shot Misses the Net.
13:12 of 2nd period - Emilio Pettersen is hit by Leon Gawanke and loses puck.
15:04 of 2nd period - Brandon Gignac is hit by Linus Weissbach and loses puck.
16:00 of 2nd period - Snap shot by Jack McBain.
16:00 of 2nd period - Stopped by Filip Gustavsson with a rebound.
16:02 of 2nd period - Slapshot by Jack McBain.
16:02 of 2nd period - Shot Misses the Net.
16:04 of 2nd period - Slapshot by Juuso Valimaki.
16:04 of 2nd period - Stopped by Filip Gustavsson without a rebound.
16:05 of 2nd period - Jack McBain wins face-off versus Jason Dickinson in Orlando Solar Bears zone.
16:31 of 2nd period - Minor Penalty to Victor Soderstrom for Cross-checking.
16:32 of 2nd period - Jack McBain wins face-off versus Jason Dickinson in Orlando Solar Bears zone.
17:04 of 2nd period - Slapshot by Marcus Pettersson.
17:04 of 2nd period - Stopped by Filip Gustavsson with a rebound.
17:20 of 2nd period - Philip Tomasino is hit by Vladislav Kolyachonok and loses puck.
17:29 of 2nd period - Brandon Gignac is hit by Jarred Tinordi and loses puck.
17:36 of 2nd period - Snap shot by Jordan Martinook.
17:36 of 2nd period - Shot Misses the Net.
17:38 of 2nd period - Slapshot by Philip Tomasino.
17:38 of 2nd period - Deflect By Kevin Bahl.
17:38 of 2nd period - Shot Misses the Net.
17:38 of 2nd period - Puck is out of play.
17:39 of 2nd period - Jason Dickinson wins face-off versus Jack McBain in Cape Breton Oilers zone.
17:50 of 2nd period - Minor Penalty to Morgan Frost for Hooking.
17:51 of 2nd period - Jack McBain wins face-off versus Jason Dickinson in Orlando Solar Bears zone.
17:51 of 2nd period - Slapshot by Carl Grundstrom.
17:51 of 2nd period - Stopped by Filip Gustavsson without a rebound.
17:52 of 2nd period - Jack McBain wins face-off versus Jason Dickinson in Orlando Solar Bears zone.
17:53 of 2nd period - Wrist shot by Carl Grundstrom.
17:53 of 2nd period - Stopped by Filip Gustavsson with a rebound.
17:55 of 2nd period - Snap shot by Carl Grundstrom.
17:55 of 2nd period - Stopped by Filip Gustavsson with a rebound.
18:03 of 2nd period - Wrist shot by Jack McBain.
18:03 of 2nd period - Stopped by Filip Gustavsson with a rebound.
18:31 of 2nd period - Penalty to Victor Soderstrom is over, Victor Soderstrom is back on ice.
18:35 of 2nd period - Artemi Kniazev is hit by Brandon Gignac and loses puck.
18:52 of 2nd period - Egor Afanasyev is hit by Victor Soderstrom and loses puck.
19:50 of 2nd period - Penalty to Morgan Frost is over, Morgan Frost is back on ice.
Goals for this period are 2 for Cape Breton Oilers vs 2 for Orlando Solar Bears.
Shots for this period are 17 for Cape Breton Oilers vs 6 for Orlando Solar Bears.
3rd period
0:01 of 3rd period - Morgan Frost wins face-off versus Jack McBain in neutral zone.
0:06 of 3rd period - Snap shot by Adam Beckman.
0:06 of 3rd period - Shot Misses the Net.
0:08 of 3rd period - Snap shot by Morgan Frost.
0:08 of 3rd period - Stopped by Jack LaFontaine without a rebound.
0:09 of 3rd period - Morgan Frost wins face-off versus Jack McBain in Cape Breton Oilers zone.
0:27 of 3rd period - Wrist shot by Adam Beckman.
0:27 of 3rd period - Deflect By Juuso Valimaki.
0:27 of 3rd period - Stopped by Jack LaFontaine with a rebound.
0:29 of 3rd period - Slapshot by Artemi Kniazev.
0:29 of 3rd period - Shot Blocked by Carl Grundstrom.
0:31 of 3rd period - Snap shot by Isaak Phillips.
0:31 of 3rd period - Shot Blocked by Alexey Toropchenko.
0:33 of 3rd period - Snap shot by Morgan Frost.
0:33 of 3rd period - Stopped by Jack LaFontaine with a rebound.
0:35 of 3rd period - Snap shot by Adam Beckman.
0:35 of 3rd period - Shot Misses the Net.
0:37 of 3rd period - Snap shot by Valtteri Puustinen.
0:37 of 3rd period - Shot Misses the Net.
0:39 of 3rd period - Slapshot by Valtteri Puustinen.
0:39 of 3rd period - Shot Blocked by Marcus Pettersson.
0:41 of 3rd period - Slapshot by Artemi Kniazev.
0:41 of 3rd period - Shot Misses the Net.
0:43 of 3rd period - Snap shot by Morgan Frost.
0:43 of 3rd period - Stopped by Jack LaFontaine with a rebound.
0:47 of 3rd period - Wrist shot by Morgan Frost.
0:47 of 3rd period - Stopped by Jack LaFontaine with a rebound.
0:49 of 3rd period - Slapshot by Isaak Phillips.
0:49 of 3rd period - Shot Blocked by Alexey Toropchenko.
0:51 of 3rd period - Slapshot by Isaak Phillips.
0:51 of 3rd period - Shot Blocked by Juuso Valimaki.
0:53 of 3rd period - Wrist shot by Adam Beckman.
0:53 of 3rd period - Stopped by Jack LaFontaine with a rebound.
0:55 of 3rd period - Snap shot by Adam Beckman.
0:55 of 3rd period - Shot Misses the Net.
1:17 of 3rd period - Snap shot by Adam Beckman.
1:17 of 3rd period - Shot Blocked by Jack McBain.
1:19 of 3rd period - Snap shot by Valtteri Puustinen.
1:19 of 3rd period - Deflect By Morgan Frost.
1:19 of 3rd period - Shot Misses the Net.
1:19 of 3rd period - Puck is out of play.
1:20 of 3rd period - Parker Kelly wins face-off versus Jason Dickinson in Cape Breton Oilers zone.
1:20 of 3rd period - Parker Kelly is hit by Jarred Tinordi.
1:25 of 3rd period - Minor Penalty to Victor Soderstrom for Hooking.
1:26 of 3rd period - Egor Afanasyev wins face-off versus Jason Dickinson in Orlando Solar Bears zone.
1:26 of 3rd period - Snap shot by Brandon Gignac.
1:26 of 3rd period - Stopped by Filip Gustavsson with a rebound.
3:25 of 3rd period - Penalty to Victor Soderstrom is over, Victor Soderstrom is back on ice.
3:52 of 3rd period - Vladislav Kolyachonok is hit by Victor Soderstrom and loses puck.
4:38 of 3rd period - Jarred Tinordi is hit by Jack McBain and loses puck.
5:35 of 3rd period - Snap shot by Linus Weissbach.
5:35 of 3rd period - Shot Misses the Net.
5:49 of 3rd period - Minor Penalty to Jason Dickinson for Interference.
5:50 of 3rd period - Alex Turcotte wins face-off versus Jack McBain in Orlando Solar Bears zone.
5:50 of 3rd period - Alex Turcotte is hit by Carl Grundstrom.
6:11 of 3rd period - Juuso Valimaki is hit by Artemi Kniazev.
7:49 of 3rd period - Penalty to Jason Dickinson is over, Jason Dickinson is back on ice.
8:06 of 3rd period - Kevin Bahl is hit by Jamieson Rees and loses puck.
8:17 of 3rd period - Donovan Sebrango is hit by Will Cuylle and loses puck.
8:54 of 3rd period - Slapshot by Philip Broberg.
8:54 of 3rd period - Stopped by Filip Gustavsson without a rebound.
8:55 of 3rd period - Jack McBain wins face-off versus Jason Dickinson in Orlando Solar Bears zone.
8:56 of 3rd period - Wrist shot by Carl Grundstrom.
8:56 of 3rd period - Stopped by Filip Gustavsson with a rebound.
8:58 of 3rd period - Slapshot by Juuso Valimaki.
8:58 of 3rd period - Deflect By Jason Dickinson.
8:58 of 3rd period - Stopped by Filip Gustavsson with a rebound.
9:00 of 3rd period - Snap shot by Carl Grundstrom.
9:00 of 3rd period - Deflect By Jack McBain.
9:00 of 3rd period - Stopped by Filip Gustavsson with a rebound.
9:02 of 3rd period - Snap shot by Jack McBain.
9:02 of 3rd period - Shot Blocked by Jordan Martinook.
9:04 of 3rd period - Slapshot by Juuso Valimaki.
9:04 of 3rd period - Stopped by Filip Gustavsson with a rebound.
9:20 of 3rd period - Brandon Gignac is hit by Isaak Phillips and loses puck.
9:59 of 3rd period - Snap shot by Jason Dickinson.
9:59 of 3rd period - Stopped by Jack LaFontaine without a rebound.
10:00 of 3rd period - Jason Dickinson wins face-off versus Egor Afanasyev in Cape Breton Oilers zone.
10:03 of 3rd period - Snap shot by Jordan Martinook.
10:03 of 3rd period - Shot Misses the Net.
10:05 of 3rd period - Wrist shot by Jordan Martinook.
10:05 of 3rd period - Stopped by Jack LaFontaine with a rebound.
10:07 of 3rd period - Snap shot by Jarred Tinordi.
10:07 of 3rd period - Shot Blocked by Egor Afanasyev.
10:09 of 3rd period - Snap shot by Jason Dickinson.
10:09 of 3rd period - Shot Misses the Net.
10:11 of 3rd period - Wrist shot by Jason Dickinson.
10:11 of 3rd period - Shot Misses the Net.
10:13 of 3rd period - Wrist shot by Jason Dickinson.
10:13 of 3rd period - Shot Blocked by Will Cuylle.
10:45 of 3rd period - Slapshot by Marcus Pettersson.
10:45 of 3rd period - Shot Blocked by Artemi Kniazev.
10:47 of 3rd period - Wrist shot by Jack McBain.
10:47 of 3rd period - Shot Blocked by Isaak Phillips.
10:49 of 3rd period - Backhand shot by Jack McBain.
10:49 of 3rd period - Stopped by Filip Gustavsson with a rebound.
11:12 of 3rd period - Snap shot by Jason Dickinson.
11:12 of 3rd period - Shot Blocked by Hudson Fasching.
11:14 of 3rd period - Wrist shot by Jason Dickinson.
11:14 of 3rd period - Stopped by Jack LaFontaine without a rebound.
11:15 of 3rd period - Jason Dickinson wins face-off versus Jack McBain in Cape Breton Oilers zone.
11:16 of 3rd period - Wrist shot by Jordan Martinook.
11:16 of 3rd period - Shot Misses the Net.
11:18 of 3rd period - Snap shot by Victor Soderstrom.
11:18 of 3rd period - Stopped by Jack LaFontaine without a rebound.
11:19 of 3rd period - Jason Dickinson wins face-off versus Jack McBain in Cape Breton Oilers zone.
11:22 of 3rd period - Slapshot by Jason Dickinson.
11:22 of 3rd period - Stopped by Jack LaFontaine without a rebound.
11:23 of 3rd period - Jack McBain wins face-off versus Jason Dickinson in Cape Breton Oilers zone.
11:35 of 3rd period - Snap shot by Jason Dickinson.
11:35 of 3rd period - Stopped by Jack LaFontaine without a rebound.
11:36 of 3rd period - Jason Dickinson wins face-off versus Alexey Toropchenko in Cape Breton Oilers zone.
12:03 of 3rd period - Marcus Pettersson is hit by Martin Pospisil and loses puck.
12:29 of 3rd period - Snap shot by Adam Beckman.
12:29 of 3rd period - Deflect By Vladislav Kolyachonok.
12:29 of 3rd period - Shot Blocked by Vladislav Kolyachonok.
12:29 of 3rd period - Puck is out of play.
12:30 of 3rd period - Morgan Frost wins face-off versus Jack McBain in Cape Breton Oilers zone.
12:31 of 3rd period - Snap shot by Valtteri Puustinen.
12:31 of 3rd period - Shot Misses the Net.
13:02 of 3rd period - Snap shot by Jack McBain.
13:02 of 3rd period - Shot Blocked by Victor Soderstrom.
13:14 of 3rd period - Wrist shot by Valtteri Puustinen.
13:14 of 3rd period - Shot Blocked by Vladislav Kolyachonok.
13:28 of 3rd period - Wrist shot by Valtteri Puustinen.
13:28 of 3rd period - Shot Blocked by Vladislav Kolyachonok.
13:34 of 3rd period - Wrist shot by Morgan Frost.
13:34 of 3rd period - Deflect By Adam Beckman.
13:34 of 3rd period - Shot Blocked by Kevin Bahl.
13:34 of 3rd period - Puck is out of play.
13:35 of 3rd period - Jason Dickinson wins face-off versus Parker Kelly in Cape Breton Oilers zone.
13:38 of 3rd period - Wrist shot by Jason Dickinson.
13:38 of 3rd period - Shot Blocked by Marcus Pettersson.
13:48 of 3rd period - Snap shot by Parker Kelly.
13:48 of 3rd period - Shot Blocked by Donovan Sebrango.
13:50 of 3rd period - Snap shot by Parker Kelly.
13:50 of 3rd period - Stopped by Filip Gustavsson with a rebound.
13:56 of 3rd period - Minor Penalty to Max Gildon for Tripping.
13:57 of 3rd period - Egor Afanasyev wins face-off versus Jason Dickinson in Orlando Solar Bears zone.
14:02 of 3rd period - Snap shot by Alexey Toropchenko.
14:02 of 3rd period - Stopped by Filip Gustavsson with a rebound.
14:04 of 3rd period - Wrist shot by Juuso Valimaki.
14:04 of 3rd period - Stopped by Filip Gustavsson with a rebound.
14:06 of 3rd period - Backhand shot by Alexey Toropchenko.
14:06 of 3rd period - Shot Blocked by Jason Dickinson.
14:28 of 3rd period - Carl Grundstrom is hit by Jordan Martinook and loses puck.
15:56 of 3rd period - Penalty to Max Gildon is over, Max Gildon is back on ice.
16:54 of 3rd period - Linus Weissbach is hit by Hudson Fasching and loses puck.
17:58 of 3rd period - Isaak Phillips is hit by Juuso Valimaki and loses puck.
18:13 of 3rd period - Minor Penalty to Martin Pospisil for Slashing.
18:14 of 3rd period - Egor Afanasyev wins face-off versus Jason Dickinson in Orlando Solar Bears zone.
18:17 of 3rd period - Snap shot by Brandon Gignac.
18:17 of 3rd period - Stopped by Filip Gustavsson with a rebound.
18:19 of 3rd period - Slapshot by Egor Afanasyev.
18:19 of 3rd period - Shot Blocked by Victor Soderstrom.
18:21 of 3rd period - Slapshot by Vladislav Kolyachonok.
18:21 of 3rd period - Shot Misses the Net.
18:23 of 3rd period - Wrist shot by Egor Afanasyev.
18:23 of 3rd period - Shot Misses the Net.
18:51 of 3rd period - Off-side.
18:52 of 3rd period - Sheldon Keefe call a timeout for Cape Breton Oilers.
18:52 of 3rd period - Egor Afanasyev wins face-off versus Philip Tomasino in neutral zone.
19:05 of 3rd period - Victor Soderstrom is hit by Juuso Valimaki and loses puck.
19:08 of 3rd period - Cape Breton Oilers, Jack LaFontaine is pulled from the net.
Goals for this period are 0 for Cape Breton Oilers vs 0 for Orlando Solar Bears.
Shots for this period are 11 for Cape Breton Oilers vs 12 for Orlando Solar Bears.
Back to the Top